 Dungeon Crawl Stone Soup version 0.21-a0-509-gecc5317 (webtiles) character file.

79 KristoblXynda the Sneak (level 4, -5/33 HPs)
             Began as a Draconian Enchanter on Nov 30, 2017.
             Slain by Nattefrost's ghost (8 damage)
             ... on level 3 of the Dungeon.
             The game lasted 00:06:26 (3676 turns).

KristoblXynda the Sneak (Draconian Enchanter)       Turns: 3676, Time: 00:06:26

Health: -5/33      AC:  5    Str: 11    XL:     4   Next: 17%
Magic:  2/8        EV: 12    Int: 16    God:
Gold:   128        SH:  0    Dex: 11    Spells: 2/8 levels left

rFire    . . .     SeeInvis .   a - +1 dagger
rCold    . . .     Gourm    .   (no shield)
rNeg     . . .     Faith    .   (armour unavailable)
rPois    .         Spirit   .   (helmet restricted)
rElec    .         Reflect  .   (no cloak)
rCorr    .         Harm     .   (no gloves)
MR       .....                  (no boots)
Stlth    ++........             (no amulet)
HPRegen  0.11/turn              (no ring)
MPRegen  0.11/turn              (no ring)

@: no status effects
A: unfitting armour, cold-blooded, AC +5
a: no special abilities


You were on level 3 of the Dungeon.
You were not hungry.

You visited 1 branch of the dungeon, and saw 3 of its levels.

You collected 128 gold pieces.

Inventory:

Hand Weapons
 a - a +1 dagger (weapon)
Scrolls
 d - a scroll of remove curse {unknown}
 e - 2 scrolls of amnesia {unknown}
 h - 2 scrolls of teleportation
 i - 3 scrolls of magic mapping {unknown}
 k - 2 scrolls of identify
 m - 2 scrolls of fog {unknown}
 n - a scroll of blinking {unknown}
Potions
 l - a potion of agility {unknown}
Books
 b - a book of Maledictions

   Spells                             Type                      Level
   a - Corona                         Hexes                        1
   b - Ensorcelled Hibernation        Hexes/Ice                    2
   c - Confuse                        Hexes                        3
   d - Tukima's Dance                 Hexes                        3
   e - Dazzling Spray                 Conjuration/Hexes            3
Comestibles
 c - a bread ration
 f - a royal jelly
 j - a meat ration
 o - 2 fruits


   Skills:
 - Level 1.0 Short Blades
 - Level 1.7 Dodging
 + Level 3.5 Stealth
 + Level 2.9 Spellcasting
 + Level 3.4 Hexes


You had 2 spell levels left.
You knew the following spells:

 Your Spells              Type           Power        Failure   Level  Hunger
a - Corona                Hex            ##.....      4%          1    #......
b - Confuse               Hex            ##......     14%         3    ###....
c - Ensorcelled Hibernat  Hex/Ice        #.....       14%         2    ##.....


Dungeon Overview and Level Annotations

Branches:
Dungeon (3/15)

Altars:
Xom

Annotations:
D:3 Nattefrost's ghost, amateur HOMo


Innate Abilities, Weirdness & Mutations

Your plain brown scales are hard. (AC +5)
You cannot fit into any form of body armour.
You are cold-blooded and may be slowed by cold attacks.


Message History

Nattefrost's ghost is lightly damaged.
Nattefrost's ghost barely misses you.
You closely miss Nattefrost's ghost.
Nattefrost's ghost is lightly damaged.
Nattefrost's ghost hits you!
You hit Nattefrost's ghost.
Nattefrost's ghost is lightly damaged.
Nattefrost's ghost seems less confused.
Nattefrost's ghost hits you!
* * * LOW HITPOINT WARNING * * *
Your magical contamination has completely faded away.
There is an open door here.
You see here a club.
There is an open door here.
Found a great sword.
There is a stone staircase leading up here.
You feel better. Nattefrost's ghost hits you!
* * * LOW HITPOINT WARNING * * *
Unknown command.
Nattefrost's ghost hits you!
You die...

#
#.....>...............
+.. #
#.....####.#########
#.. '...... #.#...# #..
#......
#.#...#########.
.......
#.'...+......... ##
#...#####)..##........
#.......'.............
#.....W.#....รท........
#.#..@#.........#####.
#...#'#######.# #.
#........ #.# #.
###....... ..# #.
'.......# ### #.
##.......# #. #.......#
#. #.).....# #. #.


You could see Nattefrost's ghost.

Vanquished Creatures
  An adder (D:2)
  A gnoll (D:1)
  2 worms
  3 dart slugs (D:2)
  2 giant cockroaches (D:1)
  6 goblins
  6 hobgoblins
  5 jackals (D:1)
  5 kobolds (D:1)
  A quokka (D:3)
  2 ball pythons (D:1)
  6 bats
  2 frilled lizards
  5 rats
47 creatures vanquished.

Notes
Turn   | Place    | Note
-------+----------+-------------------------------------------
     0 | D:1      | KristoblXynda the Draconian Enchanter began the quest for the Orb.
     0 | D:1      | Reached XP level 1. HP: 14/14 MP: 3/3
   394 | D:1      | Reached XP level 2. HP: 12/20 MP: 5/5
  1224 | D:2      | Reached XP level 3. HP: 10/26 MP: 6/6
  1413 | D:2      | Learned a level 3 spell: Confuse
  1416 | D:2      | Learned a level 2 spell: Ensorcelled Hibernation
  2053 | D:2      | HP: 1/26 [gnoll/spear (6)]
  2929 | D:3      | Found a shimmering altar of Xom.
  2991 | D:3      | Reached XP level 4. HP: 12/33 MP: 2/8
  3079 | D:3      | Noticed Nattefrost's ghost (amateur HOMo)
  3334 | D:3      | Found a shimmering altar of Xom.
  3334 | D:3      | Found a shimmering altar of Xom.
  3335 | D:3      | Found a shimmering altar of Xom.
  3338 | D:3      | Found a shimmering altar of Xom.
  3338 | D:3      | Found a shimmering altar of Xom.
  3676 | D:3      | Slain by Nattefrost's ghost

Vault maps used:
D:1:      elethiomel_arrival_maze, serial_glass, glass_columns_c,
          glass_columns_a, minmay_split_cup_large
D:3:      xom_redecorated

Skill      XL: |  1  2 |
---------------+-------+-----
Stealth        | 3 |  3.5
Hexes          | 3 |  3.4
Short Blades   | |  1.0
Dodging        | |  1.7
Spellcasting   | |  2.9

Action                   |  1- 3 |  4- 6 || total
-------------------------+-------+-------++-------
Melee: Dagger            |   171 |    36 ||   207
       Tailslap          |    21 |     6 ||    27
 Cast: Ensorcelled Hiber |     6 |     8 ||    14
       Confuse           |     6 |     1 ||     7
  Use: Scroll            |       |     3 ||     3
       Potion            |       |     1 ||     1
 Stab: Sleeping          |    13 |     4 ||    17
       Confused          |     2 |       ||     2
  Eat: Fruit             |     2 |       ||     2
       Chunk             |     1 |     3 ||     4
       Bread ration      |     1 |       ||     1
Armor: Skin              |    36 |    13 ||    49
Dodge: Dodged            |   103 |    37 ||   140

Table legend:
 A = Spawn XP
 B = Non-spawn XP
 C = Spawn XP percentage of total XP
 D = Spawn monster count
 E = Non-spawn monster count
 F = Spawn count percentage of total count
 G = Total turns spent on level
                    A         B        C        D         E        F      G
               +---------+---------+-------+---------+---------+-------+---------
         Total |       0 |     114 |   0.0 |       0 |      47 |   0.0 |  3676
               +---------+---------+-------+---------+---------+-------+---------
           D:1 |       0 |      49 |   0.0 |       0 |      24 |   0.0 |  1810
           D:2 |       0 |      44 |   0.0 |       0 |      13 |   0.0 |  1094
           D:3 |       0 |      21 |   0.0 |       0 |      10 |   0.0 |   772
               +---------+---------+-------+---------+---------+-------+---------
